Map: Taito Citadel LE

Players

HoldTheDoor - Winner!

  • Race: Protoss Protoss
  • League: Diamond
  • Spawn Location: 11:00

PakOr

  • Race: Zerg Zerg
  • League: Diamond
  • Spawn Location: 5:00

VOD

Have the link to the VOD?

Description

Time

  • Played on: May 7, 2026, 2:12 p.m.
  • Length: 7:09
Show
View Real Time Build Order
Export as new Build Order

HoldTheDoor Protoss - Winner!

Build Orders:  

Get SALT Encoding   

  12  0:00  Probe  
  13  0:12  Probe  
  14  0:19  Pylon  
  14  0:24  Probe  
  15  0:36  Probe  
  15  0:39  Gateway  
  16  0:44  Probe  
  16  0:49  Assimilator  
  17  0:52  Probe  
  18  1:11  Forge  
  18  1:14  Probe  
  19  1:26  Probe  
  20  1:42  Cybernetics Core  
  20  1:45  Photon Cannon  
  20  1:54  Probe  
  21  2:07  Nexus  
  21  2:10  Warp Gate  
  21  2:12  Probe  
  22  2:19  Pylon  
  22  2:25  Probe  
  23  2:34  Stalker  
  23  2:37  Probe  
  26  2:44  Robotics Facility  
  26  2:49  Probe  
  27  3:01  Stalker  
  27  3:02  Probe  
  30  3:14  Probe  
  31  3:21  Warp Prism  
  31  3:24  Probe  
  31  3:26  Probe  
  35  3:37  Gateway  
  35  3:39  Gateway  
  35  3:46  Gateway  
  35  3:49  Gateway  
  35  3:57  Gateway, Probe  
  36  4:09  Gateway  
  36  4:21  Gateway  
  36  4:22  Stalker  
  38  4:38  Pylon  
  38  4:39  Probe  
  38  4:40  Pylon, Probe  
  38  4:43  Pylon  
  40  4:51  Stalker x3  
  46  4:57  Zealot x3  
  52  5:24  Zealot x2  
  52  5:25  Zealot x5  
  66  5:40  Stalker  
  68  5:44  Pylon  
  68  5:46  Pylon  
  68  5:50  Pylon  
  68  6:00  Stalker  
  68  6:02  Stalker  
  72  6:09  Photon Cannon  
  68  6:12  Photon Cannon  
  68  6:14  Photon Cannon x2  
  64  6:21  Photon Cannon  
  58  6:37  Stalker x4  
  60  6:49  Pylon  
  60  6:55  Pylon  
  56  7:02  Stalker x2  
  56  7:03  Zealot x3  
Show
View Real Time Build Order
Export as new Build Order

PakOr Zerg 

Build Orders: Pool First 

Get SALT Encoding   

  12  0:08  Overlord  
  12  0:13  Drone  
  13  0:17  Drone  
  14  0:25  Overlord  
  14  0:31  Drone  
  15  0:41  Drone  
  16  0:54  Drone, Spawning Pool  
  16  1:18  Drone  
  16  1:23  Drone  
  18  1:27  Drone  
  18  1:30  Hatchery  
  18  1:52  Drone x2  
  20  1:55  Hatchery  
  19  2:02  Drone  
  19  2:07  Extractor  
  19  2:12  Overlord  
  18  2:20  Drone  
  18  2:21  Extractor  
  18  2:24  Queen  
  18  2:29  Drone  
  21  2:39  Drone  
  21  2:43  Drone  
  23  2:44  Queen  
  23  2:49  Drone  
  26  2:54  Drone  
  27  3:00  Drone  
  28  3:07  Drone  
  28  3:09  Lair  
  28  3:12  Drone  
  30  3:13  Drone  
  31  3:22  Drone x3  
  31  3:27  Overlord  
  34  3:32  Pneumatized Carapace  
  34  3:35  Drone  
  34  3:40  Spore Crawler  
  34  3:42  Drone  
  34  3:44  Drone  
  34  3:48  Drone  
  37  3:49  Drone  
  37  3:52  Drone  
  37  3:54  Extractor  
  38  3:56  Extractor, Drone  
  38  3:59  Drone  
  38  4:02  Drone  
  40  4:03  Drone  
  40  4:06  Drone  
  40  4:08  Drone  
  40  4:09  Drone  
  44  4:12  Drone  
  44  4:16  Drone  
  46  4:17  Drone  
  47  4:24  Spire  
  47  4:27  Drone  
  47  4:28  Infestation Pit  
  47  4:29  Drone  
  47  4:32  Drone  
  47  4:35  Spore Crawler  
  47  4:37  Overlord  
  47  4:41  Overlord  
  47  4:44  Overlord  
  47  4:48  Overlord  
  47  4:52  Drone, Spore Crawler  
  48  4:53  Drone  
  48  4:56  Drone  
  48  4:57  Drone  
  48  4:58  Drone  
  51  5:00  Drone  
  51  5:02  Drone  
  53  5:09  Hive  
  53  5:11  Drone  
  53  5:12  Drone  
  53  5:13  Drone  
  56  5:15  Drone  
  56  5:16  Drone  
  56  5:17  Drone  
  56  5:18  Drone  
  58  5:30  Spine Crawler  
  58  5:31  Spine Crawler  
  58  5:32  Mutalisk x3  
  58  5:34  Mutalisk  
  64  5:43  Mutalisk x3  
  67  5:55  Mutalisk  
  66  5:57  Zergling x6  
  66  6:03  Spine Crawler  
  64  6:04  Mutalisk  
  64  6:13  Zergling x6  
  61  6:25  Mutalisk  
  58  6:29  Mutalisk x2  
  61  6:38  Zergling x14  
Tags
 
Matchup
PvZ
Opening
Pool First
Replay Pack
SC2Mai2026
Spawn Locations
Cross Positions
Add a new tag
Caveats
  • Supply blocks, unpowered buildings, or Contaminate may cause inaccurate times.
  • Supply counts are checked every 10 seconds.